 Dungeon Crawl Stone Soup version 0.31-a0-236-g9a0961fb85 (webtiles) character file.

Game seed: 16275155548077672293

62 qw the Shooter (level 3, -6/29 HPs)
             Began as a Minotaur Hexslinger on July 10, 2023.
             Mangled by a gnoll
             ... wielding a +0 flail
              (8 damage)
             ... on level 2 of the Dungeon.
             The game lasted 00:00:20 (909 turns).

qw the Shooter (Minotaur Hexslinger)                 Turns: 909, Time: 00:00:20

Health: -6/29      AC:  3    Str: 12    XL:     3   Next: 85%
Magic:  3/3        EV: 12    Int: 10    God:
Gold:   77         SH:  0    Dex: 14    Spells: 3/4 levels left

rFire   . . .        Y - +1 sling
rCold   . . .        (no shield)
rNeg    . . .        c - +0 robe
rPois   .            (helmet restricted)
rElec   .            (no cloak)
rCorr   .            d - +0 pair of gloves
SInv    .            (no boots)
Will    .....        (no amulet)
Stlth   +            (no ring)
HPRegen 0.24/turn    (no ring)
MPRegen 0.08/turn

%: no passive effects
@: no status effects
A: horns 2, retaliatory headbutt
a: no special abilities


You were on level 2 of the Dungeon.
You visited 1 branch of the dungeon, and saw 2 of its levels.

You collected 77 gold pieces.


Innate Abilities, Weirdness & Mutations

You have a pair of horns on your head.
You reflexively headbutt those who attack you in melee.


   Skills:
 - Level 2.0 Fighting
 + Level 4.4 Ranged Weapons
 - Level 2.1 Dodging
 - Level 1.0 Spellcasting
 - Level 2.0 Hexes


You had 3 spell levels left.
You knew the following spells:

 Your Spells              Type           Power      Damage    Failure   Level
a - Slow                  Hex            16%        N/A       16%         1

Your spell library contained the following spells:

 Spells                   Type           Power      Damage    Failure   Level
 Inner Flame              Hex/Fire       2%         N/A       56%         3
 Portal Projectile        Hex/Tloc       4%         N/A       56%         3
 Cause Fear               Hex            2%         N/A       83%         4

Inventory:

Hand Weapons
 Y - a +1 sling (weapon)
Armour
 a - the +3 robe "Luisei" {Will+ Int+3 Dex+2 Stlth+}
   (You found it on level 2 of the Dungeon)

   Int:       It affects your intelligence (+3).
   Dex:       It affects your dexterity (+2).
   Will:      It increases your willpower.
   Stlth:     It makes you more stealthy.
 c - a +0 robe (worn)
 d - a +0 pair of gloves (worn)
Potions
 e - a potion of mutation {unknown}
 g - a potion of haste {unknown}
 h - a potion of curing

Dungeon Overview and Level Annotations

Branches:
Dungeon (2/15)

Altars:


Message History

The gnoll is lightly wounded.
A ball python comes into view.
You shoot a sling bullet.
The sling bullet closely misses the gnoll.
The ball python hisses angrily.
You shoot a sling bullet. The sling bullet hits the gnoll.
The gnoll is moderately wounded.
You shoot a sling bullet.
The sling bullet hits the gnoll but does no damage.
The gnoll is moderately wounded.
The gnoll misses you.
You shoot a sling bullet. The sling bullet hits the gnoll.
The gnoll is severely wounded.
The gnoll hits you with a +0 whip.
You shoot a sling bullet.
The sling bullet barely misses the gnoll.
The gnoll closely misses you. You furiously retaliate!
You headbutt the gnoll.
You kill the gnoll!
Your Ranged Weapons skill increases to level 4!
You shoot a sling bullet. The sling bullet hits the gnoll.
The gnoll is moderately wounded.
The gnoll closely misses you. Something hits you. The gnoll closely misses you.
Something hits you.
You shoot a sling bullet. The sling bullet hits the gnoll.
The gnoll is severely wounded.
The ball python bites you but does no damage.
The ball python barely misses you. The gnoll misses you.
You furiously retaliate!
You headbutt the gnoll.
You kill the gnoll!
Something hits you.
The ball python bites you but does no damage.
The ball python misses you.
You shoot a sling bullet. The sling bullet hits the ball python.
The ball python is severely wounded.
The ball python bites you but does no damage.
The ball python closely misses you. Something hits you!
You shoot a sling bullet. The sling bullet hits the ball python.
You kill the ball python!
Something hits you!
You die...

#.............#
..########....#
.....>.....#
########...#
#...# ###.##
#..###
######.#.#
#.....)@.#
#..####.{##
#..# ...# ..#.#
)##... .. ...
.> ....


There were no monsters in sight!

Vanquished Creatures
  3 gnolls (D:2)
  A dart slug (D:2)
  4 bats
  An endoplasm (D:1)
  6 goblins
  3 hobgoblins
  3 jackals (D:1)
  A quokka (D:1)
  4 ball pythons
  3 frilled lizards (D:1)
  A kobold (D:1)
  A rat (D:1)
31 creatures vanquished.

Notes
Turn   | Place    | Note
-------+----------+-------------------------------------------
     0 | D:1      | qw the Minotaur Hexslinger began the quest for the Orb.
     0 | D:1      | Reached XP level 1. HP: 16/16 MP: 1/1
     0 | D:1      | 0 ||| qw: Version: 0.3-a-51-g015441d
     0 | D:1      | 0 ||| qw: Game counter: 4477
     0 | D:1      | 0 ||| qw: Melee chars always use a shield: true
     0 | D:1      | 0 ||| qw: God list: Okawaru
     0 | D:1      | 0 ||| qw: Allow faded altars: false
     0 | D:1      | 0 ||| qw: Do Orc after clearing Dungeon:15 true
     0 | D:1      | 0 ||| qw: Do second Lair branch before Depths: true
     0 | D:1      | 0 ||| qw: Lair rune preference: random
     0 | D:1      | 0 ||| qw: Goals: Normal
     0 | D:1      | 0 ||| PLANNING D:1-11
   223 | D:1      | Reached skill level 3 in Ranged Weapons
   223 | D:1      | Reached XP level 2. HP: 12/23 MP: 2/2
   775 | D:1      | 775 ||| UPGRADING to +0 pair of gloves.
   780 | D:1      | 780 ||| READING scroll labelled YTESU YPSUD.
   781 | D:1      | 781 ||| DRINKING 2 white potions.
   782 | D:1      | 782 ||| DROPPING scroll of poison.
   832 | D:2      | Reached XP level 3. HP: 25/29 MP: 3/3
   882 | D:2      | Identified the +3 robe "Luisei" {Will+ Int+3 Dex+2 Stlth+}
   906 | D:2      | Reached skill level 4 in Ranged Weapons
   908 | D:2      | HP: 1/29 [something (10)]
   909 | D:2      | Mangled by a gnoll

Levels and vault maps discovered:
D:1:      roderic_chinese_lattice_arrival, layout_loops_ring
D:2:      layout_rooms, shapermc_ecumenical_altar_starsandcircs, serial_glass,
          glass_columns_b, glass_columns_c, uniq_sigmund

Skill      XL: |  1  2  3 |
---------------+----------+-----
Ranged Weapons | 3 4 |  4.4
Fighting       | 2 |  2.0
Dodging        | |  2.1
Spellcasting   | |  1.0
Hexes          | |  2.0

Action                     || total
---------------------------++-------
   Fire: Sling             ||    91
    Use: Scroll            ||     1
         Potion            ||     1
 Armour: Robe              ||     7
  Dodge: Dodged            ||    40

Table legend:
 A = Non-vault XP
 B = Vault XP
 C = Vault XP percentage of total XP
 D = Non-vault monster count
 E = Vault monster count
 F = Vault count percentage of total count
                 A         B        C        D         E       F
            +---------+---------+-------+---------+---------+-------
      Total |      90 |       0 |   0.0 |      31 |       0 |   0.0
            +---------+---------+-------+---------+---------+-------
        D:1 |      32 |       0 |   0.0 |      20 |       0 |   0.0
        D:2 |      58 |       0 |   0.0 |      11 |       0 |   0.0
            +---------+---------+-------+---------+---------+-------
